SAAA
TREMONT DOUBLEDAYS @ HOUSTON BC
08/29/2030
 
TOP OF THE 1ST
Tremont Doubledays batting - Pitching for Houston BC : LHP Roosevelt Tuttle
Pitching: LHP Roosevelt Tuttle
Batting: RHB Max Berman 0-0: Ground out 3-1 (Groundball, 3S)
Batting: LHB Denis Jerningham 0-0: Fly out, F7 (Flyball, 7)
Batting: RHB Andrés Gonzáles 0-0: Foul Ball, location: 2F
0-1: Ball
1-1: Ground out U3 (Groundball, 3)
Top of the 1st over - 0 runs, 0 hits, 0 errors, 0 left on base; Tremont 0 - Houston 0
BOTTOM OF THE 1ST
Houston BC batting - Pitching for Tremont Doubledays : RHP Christian Irgoyen
Pitching: RHP Christian Irgoyen
Batting: RHB Habbo Allaart 0-0: Called Strike
0-1: Ball
1-1: Called Strike
1-2: Strikes out swinging, 2-3 out at first.
Batting: RHB Chris Harrell 0-0: Called Strike
0-1: Ball
1-1: Swinging Strike
1-2: SINGLE (Groundball, 6MD)
Batting: SHB Ricardo Pérez 0-0: Ball
1-0: Called Strike
1-1: Ball
2-1: Ball
3-1: Base on Balls
Chris Harrell to second
Batting: RHB António López 0-0: Called Strike
0-1: Grounds into double play, 6-4-3 (Groundball, 6)
Bottom of the 1st over - 0 runs, 1 hit, 0 errors, 1 left on base; Tremont 0 - Houston 0
TOP OF THE 2ND
Tremont Doubledays batting - Pitching for Houston BC : LHP Roosevelt Tuttle
Batting: RHB Otis Brewer 0-0: Ball
1-0: Called Strike
1-1: Foul Ball, location: 2F
1-2: Strikes out looking
Batting: RHB Arturo Morales 0-0: Called Strike
0-1: Ground out 6-3 (Groundball, 6)
Batting: RHB David Elías 0-0: Called Strike
0-1: Swinging Strike
0-2: Foul Ball, location: 2F
0-2: Ball
1-2: Strikes out looking
Top of the 2nd over - 0 runs, 0 hits, 0 errors, 0 left on base; Tremont 0 - Houston 0
BOTTOM OF THE 2ND
Houston BC batting - Pitching for Tremont Doubledays : RHP Christian Irgoyen
Batting: RHB Phil Dougherty 0-0: Called Strike
0-1: Ball
1-1: Ball
2-1: Ground out 3-1 (Groundball, 34S)
Batting: LHB Lee Hart 0-0: Ball
1-0: Ball
2-0: Called Strike
2-1: Fly out, F9 (Flyball, 89XD)
Batting: LHB Dawit Lihalakha 0-0: Ball
1-0: SINGLE (Groundball, 23) (infield hit)
Batting: RHB Dennis Morrow 0-0: Ball
1-0: Ball
2-0: Ground out U3 (Groundball, 3)
Bottom of the 2nd over - 0 runs, 1 hit, 0 errors, 1 left on base; Tremont 0 - Houston 0
TOP OF THE 3RD
Tremont Doubledays batting - Pitching for Houston BC : LHP Roosevelt Tuttle
Batting: RHB Sheldon Deshotels 0-0: Called Strike
0-1: Ground out 3-1 (Groundball, 34S)
Batting: RHB Martín Méndez 0-0: Ball
1-0: Ground out 5-3 (Groundball, 56S)
Batting: LHB Eric Ward 0-0: Ball
1-0: Swinging Strike
1-1: Ball
2-1: Ground out 4-3 (Groundball, 4S)
Top of the 3rd over - 0 runs, 0 hits, 0 errors, 0 left on base; Tremont 0 - Houston 0
BOTTOM OF THE 3RD
Houston BC batting - Pitching for Tremont Doubledays : RHP Christian Irgoyen
Batting: RHB Noël Sassetti 0-0: Called Strike
0-1: Ground out 5-3 (Groundball, 56S)
Batting: RHB Habbo Allaart 0-0: Ball
1-0: Ball
2-0: Ball
3-0: Called Strike
3-1: Swinging Strike
3-2: Foul Ball, location: 2F
3-2: Foul Ball, location: 2F
3-2: Ground out 6-3 (Groundball, 6)
Batting: RHB Chris Harrell 0-0: Ball
1-0: Foul Ball, location: 2F
1-1: Fly out, F7 (Line Drive, 78S)
Bottom of the 3rd over - 0 runs, 0 hits, 0 errors, 0 left on base; Tremont 0 - Houston 0
TOP OF THE 4TH
Tremont Doubledays batting - Pitching for Houston BC : LHP Roosevelt Tuttle
Batting: RHB Max Berman 0-0: Ball
1-0: Ball
2-0: Fly out, F6 (Popup, 6D)
Batting: LHB Denis Jerningham 0-0: Fly out, F7 (Flyball, 78D)
Batting: RHB Andrés Gonzáles 0-0: Called Strike
0-1: SOLO HOME RUN (Flyball, 7D), Distance : 408 ft
Batting: RHB Otis Brewer 0-0: Ball
1-0: Swinging Strike
1-1: Called Strike
1-2: Ball
2-2: Ball
3-2: Strikes out swinging
Top of the 4th over - 1 run, 1 hit, 0 errors, 0 left on base; Tremont 1 - Houston 0
BOTTOM OF THE 4TH
Houston BC batting - Pitching for Tremont Doubledays : RHP Christian Irgoyen
Batting: SHB Ricardo Pérez 0-0: Ball
1-0: Ball
2-0: Ground out 6-3 (Groundball, 6)
Batting: RHB António López 0-0: Ball
1-0: SINGLE (Line Drive, 6M)
Batting: RHB Phil Dougherty 0-0: Called Strike
0-1: Called Strike
0-2: Foul Ball, location: 2F
0-2: Strikes out looking
Batting: LHB Lee Hart Pickoff Throw to First - Out!
Bottom of the 4th over - 0 runs, 1 hit, 0 errors, 0 left on base; Tremont 1 - Houston 0
TOP OF THE 5TH
Tremont Doubledays batting - Pitching for Houston BC : LHP Roosevelt Tuttle
Batting: RHB Arturo Morales 0-0: Foul Ball, location: 2F
0-1: Ball
1-1: Fly out, F7 (Line Drive, 7)
Batting: RHB David Elías 0-0: Ball
1-0: Ground out 6-3 (Groundball, 6)
Batting: RHB Sheldon Deshotels 0-0: Ball
1-0: Ball
2-0: Ball
3-0: Base on Balls
Batting: RHB Martín Méndez 0-0: Ball
1-0: SINGLE (Groundball, 4D)
Sheldon Deshotels to second
Runner from 2nd tries for 3rd, SAFE, no throw
Batting: LHB Eric Ward 0-0: Ball
1-0: Ball
2-0: SINGLE (Groundball, 3) (infield hit)
Sheldon Deshotels scores
Martín Méndez to second
Batting: RHB Max Berman 0-0: Ball
1-0: Ball
2-0: Foul Ball, location: 2F
2-1: Ball
3-1: Swinging Strike
3-2: Foul Ball, location: 2F
3-2: Base on Balls
Martín Méndez to third
Eric Ward to second
Batting: LHB Denis Jerningham 0-0: Fielders Choice at 2nd, 5-4 (Groundball, 5)
Top of the 5th over - 1 run, 2 hits, 0 errors, 3 left on base; Tremont 2 - Houston 0
BOTTOM OF THE 5TH
Houston BC batting - Pitching for Tremont Doubledays : RHP Christian Irgoyen
Batting: LHB Lee Hart 0-0: Called Strike
0-1: Swinging Strike
0-2: Fly out, F7 (Flyball, 7)
Batting: LHB Dawit Lihalakha 0-0: Ball
1-0: Ground out 6-3 (Groundball, 6)
Batting: RHB Dennis Morrow 0-0: Ball
1-0: Ball
2-0: Ball
3-0: Foul Ball, location: 2F
3-1: Foul Ball, location: 2F
3-2: Base on Balls
Batting: RHB Noël Sassetti 0-0: Ball
1-0: Called Strike
1-1: Foul Ball, location: 2F
1-2: Ball
2-2: Foul Ball, location: 2F
2-2: Strikes out swinging
Bottom of the 5th over - 0 runs, 0 hits, 0 errors, 1 left on base; Tremont 2 - Houston 0
TOP OF THE 6TH
Tremont Doubledays batting - Pitching for Houston BC : LHP Roosevelt Tuttle
Batting: RHB Andrés Gonzáles 0-0: Called Strike
0-1: Swinging Strike
0-2: Foul Ball, location: 2F
0-2: Foul Ball, location: 2F
0-2: Strikes out swinging
Batting: RHB Otis Brewer 0-0: Foul Ball, location: 2F
0-1: Fly out, F7 (Flyball, 78D)
Batting: RHB Arturo Morales 0-0: Ball
1-0: Ground out 1-3 (Groundball, 13S)
Top of the 6th over - 0 runs, 0 hits, 0 errors, 0 left on base; Tremont 2 - Houston 0
BOTTOM OF THE 6TH
Houston BC batting - Pitching for Tremont Doubledays : RHP Christian Irgoyen
Batting: RHB Habbo Allaart 0-0: Ball
1-0: Called Strike
1-1: Ground out 4-3 (Groundball, 4)
Batting: RHB Chris Harrell 0-0: Called Strike
0-1: Ball
1-1: Called Strike
1-2: Ball
2-2: Strikes out swinging
Batting: SHB Ricardo Pérez 0-0: Ball
1-0: Ball
2-0: Foul Ball, location: 2F
2-1: Ball
3-1: Base on Balls
Batting: RHB António López 0-0: Foul Ball, location: 2F
0-1: Ball
Ricardo Pérez is caught stealing 2nd base
Bottom of the 6th over - 0 runs, 0 hits, 0 errors, 0 left on base; Tremont 2 - Houston 0
TOP OF THE 7TH
Tremont Doubledays batting - Pitching for Houston BC : LHP Roosevelt Tuttle
Batting: RHB David Elías 0-0: Ball
1-0: Ball
2-0: Foul Ball, location: 2F
2-1: Called Strike
2-2: Ground out 6-3 (Groundball, 6)
Batting: RHB Sheldon Deshotels 0-0: Fly out, F9 (Flyball, 9S)
Batting: RHB Martín Méndez 0-0: Ball
1-0: Foul Ball, location: 2F
1-1: Ball
2-1: SINGLE (Groundball, 6MD)
Batting: LHB Eric Ward 0-0: Called Strike
0-1: Ball
1-1: Swinging Strike
1-2: Foul Ball, location: 2F
1-2: Ball
2-2: Hit by Pitch
Martín Méndez to second
Batting: RHB Max Berman 0-0: Ball
1-0: SINGLE (Groundball, 4MD)
Martín Méndez to third
Eric Ward to second
Runner from 3rd tries for Home, SAFE, throw made home
Batting: LHB Denis Jerningham 0-0: SINGLE (Line Drive, 5D)
Eric Ward to third
Max Berman to second
Runner from 3rd tries for Home, SAFE, no throw
Pitching: RHP Marc Morgan
Batting: RHB Andrés Gonzáles 0-0: Fly out, F9 (Flyball, 89M)
Top of the 7th over - 2 runs, 3 hits, 0 errors, 2 left on base; Tremont 4 - Houston 0
BOTTOM OF THE 7TH
Houston BC batting - Pitching for Tremont Doubledays : RHP Christian Irgoyen
Batting: RHB António López 0-0: Ball
1-0: Fly out, F3 (Popup, 3)
Batting: RHB Phil Dougherty 0-0: Called Strike
0-1: Ball
1-1: Foul Ball, location: 2F
1-2: Ball
2-2: Ball
3-2: Fly out, F8 (Flyball, 8LD)
Batting: LHB Lee Hart 0-0: Swinging Strike
0-1: Fly out, F7 (Flyball, 78M)
Bottom of the 7th over - 0 runs, 0 hits, 0 errors, 0 left on base; Tremont 4 - Houston 0
TOP OF THE 8TH
Tremont Doubledays batting - Pitching for Houston BC : RHP Marc Morgan
Batting: RHB Otis Brewer 0-0: Ball
1-0: Called Strike
1-1: Called Strike
1-2: Fly out, F7 (Flyball, 7)
Batting: RHB Arturo Morales 0-0: Ball
1-0: Ball
2-0: SINGLE (Flyball, 78S)
Batting: RHB David Elías 0-0: Fly out, F7 (Flyball, 7LS)
Batting: RHB Sheldon Deshotels Pickoff Throw to First - Out!
Top of the 8th over - 0 runs, 1 hit, 0 errors, 0 left on base; Tremont 4 - Houston 0
BOTTOM OF THE 8TH
Houston BC batting - Pitching for Tremont Doubledays : RHP Christian Irgoyen
Batting: LHB Dawit Lihalakha 0-0: Foul Ball, location: 2F
0-1: Ball
1-1: Foul Ball, location: 2F
1-2: Ball
2-2: Ball
3-2: Foul Ball, location: 2F
3-2: Strikes out swinging
Batting: RHB Dennis Morrow 0-0: Swinging Strike
0-1: Ball
1-1: Foul Ball, location: 2F
1-2: Strikes out swinging
Batting: RHB Noël Sassetti 0-0: Ball
1-0: Ball
2-0: Ball
3-0: Base on Balls
Batting: RHB Habbo Allaart 0-0: Ball
1-0: Ball
2-0: Ball
3-0: Base on Balls
Noël Sassetti to second
Batting: RHB Chris Harrell 0-0: Ball
1-0: Called Strike
1-1: Ball
2-1: Fly out, F9 (Flyball, 9D)
Bottom of the 8th over - 0 runs, 0 hits, 0 errors, 2 left on base; Tremont 4 - Houston 0
TOP OF THE 9TH
Tremont Doubledays batting - Pitching for Houston BC : RHP Marc Morgan
Pitching: RHP Stef Dijkman
Batting: RHB Sheldon Deshotels 0-0: Ball
1-0: Ground out U3 (Groundball, 34S)
Batting: RHB Martín Méndez 0-0: Fly out, F7 (Flyball, 7LSF)
Batting: LHB Eric Ward 0-0: Ball
1-0: Ball
2-0: Foul Ball, location: 2F
2-1: Foul Ball, location: 2F
2-2: Ball
3-2: Foul Ball, location: 2F
3-2: SOLO HOME RUN (Flyball, 9LD), Distance : 366 ft
Batting: RHB Max Berman 0-0: Fly out, F9 (Flyball, 9LS)
Top of the 9th over - 1 run, 1 hit, 0 errors, 0 left on base; Tremont 5 - Houston 0
BOTTOM OF THE 9TH
Houston BC batting - Pitching for Tremont Doubledays : RHP Christian Irgoyen
Pitching: RHP Daniel Lavalley
Now at 1B: Geoffrey Broekhuizen
Batting: SHB Ricardo Pérez 0-0: Called Strike
0-1: Reached on error, E4 (Groundball, 4)
Batting: RHB António López 0-0: Ball
1-0: Foul Ball, location: 2F
1-1: Foul Ball, location: 2F
1-2: Fly out, F9 (Flyball, 9LSF)
Batting: RHB Phil Dougherty 0-0: Swinging Strike
0-1: Ball
1-1: Ball
2-1: Called Strike
2-2: Fly out, F7 (Flyball, 78M)
Batting: LHB Lee Hart 0-0: Swinging Strike
0-1: Ball
1-1: Fly out, F8 (Flyball, 8LD)
Bottom of the 9th over - 0 runs, 0 hits, 1 error, 1 left on base; Tremont 5 - Houston 0
Sunday, March 18th, 2018 - OOTP Baseball 18.8 Build 76